 Dungeon Crawl Stone Soup version 0.27-a0-1299-g1ab19c6527 (webtiles) character file.

Game seed: 3036851637495670829

85 lunkers the Gusty (level 4, -2/24 HPs)
             Began as a Tengu Air Elementalist on June 16, 2021.
             Slain by Sigmund (3 damage)
             ... on level 3 of the Dungeon on June 17, 2021.
             The game lasted 00:04:50 (2838 turns).

lunkers the Gusty (Tengu Air Elementalist)          Turns: 2838, Time: 00:04:50

Health: -2/24      AC:  2    Str:  8    XL:     4   Next: 48%
Magic:  6/9        EV: 12    Int: 17    God:
Gold:   140        SH:  0    Dex: 14    Spells: 7/8 levels left

rFire    . . .     SeeInvis .   m - +0 dagger
rCold    . . .     Faith    .   (no shield)
rNeg     . . .     Spirit   .   a - +0 robe
rPois    .         Reflect  .   (helmet restricted)
rElec    .         Harm     .   (no cloak)
rCorr    .         Rampage  .   (no gloves)
Will     .....                  (boots unavailable)
Stlth    +.........             (no amulet)
HPRegen  0.08/turn              (no ring)
MPRegen  0.11/turn              (no ring)

@: confused, brilliant, attractive, flying
A: beak, talons 3
a: no special abilities


You were on level 3 of the Dungeon.
You visited 1 branch of the dungeon, and saw 3 of its levels.

You collected 140 gold pieces.

Inventory:

Hand Weapons
 m - a +0 dagger (weapon)
Missiles
 f - a throwing net
Armour
 a - a +0 robe (worn)
Scrolls
 c - a scroll of summoning {unknown}
 e - 4 scrolls of identify {unknown}
 h - a scroll of fear {unknown}
 j - a scroll of enchant armour {unknown}
 k - a scroll of teleportation {unknown}
 l - a scroll of brand weapon {unknown}
Potions
 b - a potion of brilliance
 g - a potion of mutation {unknown}
 i - a potion of flight


   Skills:
 - Level 2.1 Dodging
 - Level 2.0 Stealth
 + Level 2.8 Spellcasting
 - Level 1.3 Conjurations
 * Level 6.1 Air Magic


You had 7 spell levels left.
You knew the following spells:

 Your Spells              Type           Power      Damage    Failure   Level
a - Shock                 Conj/Air       88%        1d8       3%          1

Your spell library contained the following spells:

 Spells                   Type           Power      Damage    Failure   Level
 Swiftness                Air            34%        N/A       4%          3
 Static Discharge         Conj/Air       22%        N/A       6%          2
 Magic Dart               Conj           40%        1d5       10%         1
 Airstrike                Air            17%        N/A       14%         4
 Mephitic Cloud           Conj/Pois/Air  16%        N/A       19%         3
 Blink                    Tloc           N/A        N/A       26%         2
 Call Imp                 Summ           3%         N/A       26%         2
 Slow                     Hex            3%         N/A       26%         2
 Conjure Flame            Conj/Fire      7%         6-21      38%         3
 Lightning Bolt           Conj/Air       11%        1d24      71%         5


Dungeon Overview and Level Annotations

Branches:
Dungeon (3/15)

Altars:

Annotations:
D:3 Sigmund


Innate Abilities, Weirdness & Mutations

You have a beak for a mouth.
You have claws for feet.


Message History

The magic dart hits you.
Casting: Shock (safe; 3% risk of failure)
Confirm with . or Enter, or press ? or * to list all spells.
The zap hits Sigmund.
Sigmund is moderately wounded.
Sigmund points at you and mumbles some strange words.
The puff of flame hits you!
* * * LOW HITPOINT WARNING * * *
Casting: Shock (safe; 3% risk of failure)
Confirm with . or Enter, or press ? or * to list all spells.
Aiming: Shock (safe; 3% risk of failure)
Press: ? - help, Shift-Dir - straight line, f/p - Sigmund
Aim: Sigmund, wielding a +0 scythe and wearing a +0 robe (moderately wounded, 68% to hit)
The zap hits Sigmund.
Sigmund is moderately wounded.
Unknown command.
Casting: Shock (safe; 3% risk of failure)
Confirm with . or Enter, or press ? or * to list all spells.
Aiming: Shock (safe; 3% risk of failure)
Press: ? - help, Shift-Dir - straight line, f/p - Sigmund
Aim: Sigmund, wielding a +0 scythe and wearing a +0 robe (moderately wounded, 68% to hit)
The zap misses Sigmund.
Sigmund casts a spell at you. The magic dart hits you!
* * * LOW HITPOINT WARNING * * *
Unknown command.
Sigmund gestures at you while chanting.
You are confused.
It was a potion of brilliance.
You feel clever all of a sudden.
It was a potion of flight.
You feel very buoyant.
You fly up into the air.
Sigmund mumbles some strange words.
Sigmund flickers and vanishes!
Deactivating autopickup; reactivate with Ctrl-A.
It was a potion of attraction.
You feel attractive to monsters. Something hits you.
You die...

##..#........#
....#...#.#### #.......#
###...### # #...#
..)###### #...######..
........#####...........
..###...............#..
..........{.@........#
....##...............#
... #..#####....###..# .
....# #(.......#..
.##### #...#### # # #
#...# #.... ...##


There were no monsters in sight!

Vanquished Creatures
  2 adders (D:2)
  2 gnolls (D:1)
  12 endoplasms
  5 goblins
  2 hobgoblins
  A quokka (D:1)
  2 ball pythons
  6 bats
  5 frilled lizards
  6 kobolds
  6 rats
49 creatures vanquished.

Notes
Turn   | Place    | Note
-------+----------+-------------------------------------------
     0 | D:1      | lunkers the Tengu Air Elementalist began the quest for the
                  | Orb.
     0 | D:1      | Reached XP level 1. HP: 10/10 MP: 4/4
   307 | D:1      | Reached XP level 2. HP: 15/15 MP: 0/6
   460 | D:1      | Reached skill level 5 in Air Magic
   460 | D:1      | Reached XP level 3. HP: 17/19 MP: 2/7
  1625 | D:2      | Reached XP level 4. HP: 20/24 MP: 5/9
  2102 | D:2      | Reached skill level 6 in Air Magic
  2825 | D:3      | Noticed Sigmund
  2831 | D:3      | HP: 1/24 [Sigmund/magic dart (8)]
  2838 | D:3      | Slain by Sigmund

Illustrated notes

Levels and vault maps discovered:
D:1:      dpeg_arrival_yet_another_circle, layout_basic,
          kennysheep_another_room, minmay_hexomino_p4
D:2:      layout_loops_corners
D:3:      layout_loops_cross, grunt_ministairs_6, palyth_stone_intersect,
          chequers_arboretum, uniq_robin, uniq_ijyb, uniq_sigmund

Skill      XL: |  1  2  3  4 |
---------------+-------------+-----
Air Magic      | 5 6 |  6.1
Dodging        | |  2.1
Stealth        | |  2.0
Spellcasting   | |  2.8
Conjurations   | |  1.3

Action                   |  1- 3 |  4- 6 || total
-------------------------+-------+-------++-------
Melee: Unarmed           |     1 |       ||     1
 Cast: Shock             |    59 |    33 ||    92
  Use: Potion            |       |     3 ||     3
Armor: Robe              |     1 |     1 ||     2
Dodge: Dodged            |     6 |     2 ||     8

Table legend: (Time is in decaauts)
 A = Elapsed time spent in this place.
 B = Non-inter-level travel time spent in this place.
 C = Inter-level travel time spent in this place.
 D = Time resting spent in this place.
 E = Time spent auto-exploring this place.
 F = Levels seen in this place.
 G = Mean time per level.
                   A        B        C        D        E       F      G
               +--------+--------+--------+--------+--------+-----+--------+
         Total |   2837 |   2740 |     97 |     31 |   2485 |   3 |  945.7 |
       Dungeon |   2837 |   2740 |     97 |     31 |   2485 |   3 |  945.7 |
               +--------+--------+--------+--------+--------+-----+--------+

Top non-repeatable levels by time:
     D:1: 1351 daAuts
     D:2: 1290 daAuts
     D:3: 195 daAuts
